Cogmind - Beta 15 @@@ ROGUE MODE // 2025.07.26 @ 20:45:46 Player: Skysub Result: Destroyed by TJ-KKE(R) with Subdweller Machine Gun Performance ------------- Evolutions (0) 0 Regions Visited (2) 400 Robots Destroyed (37) 185 Value Destroyed (896) 896 Prototype IDs (11) 220 Alien Tech Used (0) 0 Bonus (0) 0 TOTAL SCORE: 1701 Bonus ------- None Cogmind --------- Core Integrity 0/250 Matter 7/300 Energy 200/200 System Corruption 0% Temperature Cool (0) Movement Rolling (125) Ox3 Location -10/Subcaves Parts ------- > --- POWER (1) -------- Subdweller Power Source > --- PROPULSION (2) --- Wheel Subdweller Monowheel > --- UTILITY (2) ------ Large Storage Unit Light Armor Plating > --- WEAPON (2) ------- Grenade Launcher Grenade Launcher > --- INVENTORY (15) --- Subdweller Power Source Subdweller Monowheel Small Storage Unit Structural Scanner Subdweller Optics Signal Interpreter Seismic Detector Light Armor Plating Scrap Shield Tower Shield Makeshift Axe Peak State ------------ > --- POWER ------------ Subdweller Power Source > --- PROPULSION ------- Wheel Subdweller Monowheel > --- UTILITY ---------- Large Storage Unit Light Armor Plating > --- WEAPON ----------- Grenade Launcher Makeshift Axe > --- INVENTORY -------- Subdweller Power Source Subdweller Monowheel Small Storage Unit Structural Scanner Subdweller Optics Signal Interpreter Seismic Detector Light Armor Plating Scrap Shield Tower Shield Grenade Launcher [Rating: 15] Favorites ----------- Power Light Ion Engine Engine Light Ion Engine Propulsion Light Treads Treads Light Treads Leg Aluminum Leg Wheel Subdweller Monowheel Utility Light Armor Plating Device Seismic Detector Storage Large Storage Unit Protection Light Armor Plating Weapon Assault Rifle Energy Gun Small Laser Ballistic Gun Assault Rifle Launcher Grenade Launcher Slashing Weapon Makeshift Axe Build | -11 -10 -10 ------- Run | Yrd Mat Sub Slots Evolved . | . . . Power . | . . . Propulsion . | . . . Utility . | . . . Weapon . | . . . Parts Attached 28 | 7 8 13 Power 3 | 1 . 2 Engine 3 | 1 . 2 Core . | . . . Reactor . | . . . Propulsion 7 | 2 2 3 Treads 3 | 2 1 . Leg 1 | . 1 . Wheel 3 | . . 3 Hover . | . . . Flight . | . . . Utility 8 | 2 3 3 Device 2 | 1 . 1 Storage 2 | 1 1 . Processor . | . . . Hackware . | . . . Protection 4 | . 2 2 Artifact . | . . . Weapon 10 | 2 3 5 Energy Gun 1 | 1 . . Energy Cannon . | . . . Ballistic Gun 4 | 1 3 . Ballistic Cannon . | . . . Launcher 3 | . . 3 Special Weapon . | . . . Impact Weapon . | . . . Slashing Weapon 2 | . . 2 Piercing Weapon . | . . . Special Melee Weapon . | . . . Unidentified Prototypes . | . . . Parts Lost 8 | . 2 6 Power . | . . . Propulsion 3 | . 1 2 Utility 2 | . 1 1 Weapon 3 | . . 3 Highest Loss Streak 2 | . 1 2 To Critical Strikes 1 | . . 1 Average Backups 11 | 2 9 13 Power . | . 1 . Propulsion 1 | 1 2 1 Utility 4 | . 2 6 Weapon 3 | . 3 3 Tool/Special . | . . . Unused Backups 10 | . 1 9 Power 1 | . . 1 Propulsion 1 | . . 1 Utility 6 | . . 6 Weapon 2 | . 1 1 Tool/Special . | . . . Average Slot Usage (%) 94 | . 91 96 Engine 14 | . 14 14 Treads 22 | . 22 22 Wheel 2 | . . 3 Storage 14 | . 14 14 Protection 12 | . 10 13 Energy Gun 1 | . 4 . Ballistic Gun 22 | . 23 21 Launcher 2 | . . 4 Peak Build Rating 15 | 7 8 15 Average Rating 8 | 5 6 9 On Entrance 5 | . 7 8 Naked Turns . | . . . Heaviest Build 34 | 11 30 34 Greatest Support 40 | 40 40 40 Greatest Overweight (x) 3 | . 1 3 Average Overweight (x) . | . . . Largest Inventory Capacity 15 | 8 15 15 Average Capacity 13 | 7 11 15 Most Carried 15 | 4 15 15 Average Carried 11 | 2 9 14 Final Capacity 15 | 8 15 15 Final Carried 14 | 4 14 13 Class Distribution -------------------- 100% | Mutant Dominant Class ---------------- Mutant | -10/Materials Mutant | -10/Subcaves Resources | -11 -10 -10 ----------- Run | Yrd Mat Sub Matter Collected 748 | 299 127 322 Remotely . | . . . Salvage Created 1207 | 226 599 382 Parts 86 | 12 42 32 Haulers Intercepted 1 | . 1 . Recyclers Shooed 3 | . 3 . Parts Field Recycled . | . . . Retrieved Matter . | . . . Parts Self-Destructed 6 | . . 6 Prevented . | . . . Kills | -11 -10 -10 ------- Run | Yrd Mat Sub Combat Hostiles Destroyed 20 | . 8 12 Guns 14 | . 8 6 AOE 6 | . . 6 Classes Destroyed 9 | 3 4 2 Worker 4 | 2 2 . Builder 1 | . 1 . Tunneler 6 | 4 2 . Hauler 1 | . 1 . Recycler 2 | 1 1 . Watcher 3 | . 3 . Grunt 8 | . 8 . Sentry 1 | . . 1 Subdweller 11 | . . 11 Best Kill Streak 6 | 5 6 2 Combat Bots Only 4 | . 4 2 Max Kills in Single Turn 2 | 1 2 2 Gunslinging . | . . . Exploded 2 | . . 2 Melee . | . . . Uniques/NPCs Destroyed . | . . . Combat | -11 -10 -10 -------- Run | Yrd Mat Sub Hostile Shots Fired 114 | . 53 61 Missed 35 | . 15 20 Hits 79 | . 38 41 Projectile 79 | . 38 41 Critical Strikes 1 | . . 1 Damage Taken 1367 | . 476 891 Core 252 | . 41 211 Absorbed by Shields . | . . . Core Remaining (%) 100 | 100 . . Volleys Fired 124 | 29 56 39 Largest 2 | 2 2 2 Hottest 60 | 60 60 60 Shots Fired 236 | 58 112 66 Gun 210 | 58 112 40 Cannon . | . . . Launcher 26 | . . 26 Special . | . . . Kinetic 144 | 29 75 40 Thermal 66 | 29 37 . Explosive 26 | . . 26 Electromagnetic . | . . . Robot Hit Streak 18 | 9 18 9 Robot Miss Streak 4 | 3 4 2 Penetration Max . | . . . Secondary Targets 4 | . 3 1 Max Gunslinging Chain 1 | . 1 1 Shots Hit Robots 161 | 35 77 49 Core Hits 71 | 9 33 29 Critical Kills 1 | . . 1 Critical Parts Destroyed . | . . . Critical Strikes 1 | . . 1 Destroy 1 | . . 1 Melee Attacks 5 | . . 5 Impact . | . . . Slashing 5 | . . 5 Piercing . | . . . Sneak Attacks . | . . . Combat Hostiles . | . . . Follow-up Attacks . | . . . Damage Inflicted 2600 | 313 855 1432 Guns 1508 | 313 828 367 Cannons . | . . . Explosions 1065 | . . 1065 Melee . | . . . Ramming 27 | . 27 . Kinetic 1003 | 118 518 367 Thermal 505 | 195 310 . Explosive 1065 | . . 1065 Electromagnetic . | . . . Impact . | . . . Slashing . | . . . Piercing . | . . . Highest Corruption . | . . . Average Corruption . | . . . Corruption Purged . | . . . Corruption Blocked . | . . . Overload Shots . | . . . Overflow Damage 6 | . . 6 Projectiles . | . . . Explosions 6 | . . 6 Melee . | . . . Knockbacks 1 | . 1 . Impact 1 | . 1 . Kinetic . | . . . Secondary . | . . . Self-Inflicted Damage 116 | . . 116 Shots 8 | . . 8 Rammed 6 | . 6 . Targets Rammed 7 | . 7 . Kicked . | . . . Crushed 1 | . 1 . Highest Temperature 119 | 60 119 . Average Temperature 25 | 23 26 . Received Heat Transfer 453 | . 264 189 Siege Activations . | . . . Martial Activations . | . . . Shielding Activations . | . . . Robots Disrupted . | . . . Combat Hostiles . | . . . Robots Corrupted . | . . . Combat Hostiles . | . . . Parts Fried . | . . . Impact Corruptions . | . . . Robots Melted . | . . . Combat Hostiles . | . . . Parts Melted 2 | . . 2 Heat Transferred 1125 | 425 700 . Parts Sabotaged . | . . . Parts Stolen . | . . . Parts Stripped . | . . . Power Chain Reactions . | . . . Alert | -11 -10 -10 ------- Run | Yrd Mat Sub Maximum Alert Level . | . . . Low Security (%) 100 | 100 100 . Level 1 . | . . . Level 2 . | . . . Level 3 . | . . . Level 4 . | . . . Level 5 . | . . . High Security . | . . . Max Security . | . . . Peak Influence 105 | 10 105 . Initial . | . . . Average 14 | . 16 . Influence Increases 352 | 35 297 20 Destroy 0b10 Robot/C 180 | . 160 20 Destroy 0b10 Robot/NC 85 | 35 50 . Destroy Leader 58 | . 58 . Successful Hack 29 | . 29 . Influence Decreases 352 | 35 297 20 Time Decay 342 | 35 287 20 Lost Part 10 | . 10 . Squads Dispatched 3 | . 3 . Investigation 2 | . 2 . Extermination . | . . . Reinforcement 1 | . 1 . Assault . | . . . Garrison . | . . . Intercept . | . . . Searches Triggered . | . . . Construction Impeded . | . . . Haulers Reinforced . | . . . Active Scanning Responses . | . . . Cargo Convoy Interrupts . | . . . Stealth | -11 -10 -10 --------- Run | Yrd Mat Sub Distress Signals 3 | . 3 . Communications Jammed . | . . . Distress Signals . | . . . Times Spotted 30 | . 16 14 Peak Tracking Total 5 | . 5 2 Tactical Retreats . | . . . Traps | -11 -10 -10 ------- Run | Yrd Mat Sub Traps Triggered 2 | . 2 . Indirectly . | . . . Trap Hack Attempts . | . . . Triggered . | . . . Disarmed . | . . . Reprogrammed . | . . . Reused . | . . . Traps Extracted . | . . . Installed . | . . . Triggered . | . . . Machines | -11 -10 -10 ---------- Run | Yrd Mat Sub Machines Disabled 1 | . . 1 Max in Single Turn 1 | . . 1 Machines Repaired . | . . . Machines Dismantled . | . . . Machines Sabotaged . | . . . Overloaded Fab Kills . | . . . Hacking | -11 -10 -10 --------- Run | Yrd Mat Sub Machines Accessed 10 | . 8 2 Terminals 6 | . 6 . Fabricators . | . . . Repair Stations . | . . . Recycling Units 2 | . 2 . Scanalyzers . | . . . Garrison Access . | . . . Total Hacks 28 | . 22 6 Successful 22 | . 16 6 Failed 6 | . 6 . Catastrophic 1 | . 1 . Database Lockouts . | . . . Manual 16 | . 16 . Terminals 12 | . 12 . Fabricators . | . . . Repair Stations . | . . . Recycling Units 10 | . 10 . Scanalyzers . | . . . Garrison Access . | . . . Terminal Hacks 8 | . 2 6 Record 5 | . . 5 Unreport Threat 1 | . 1 . Locate Traps 1 | . 1 . Proto ID Catalog 1 | . . 1 Fabricator Hacks . | . . . Repair Station Hacks . | . . . Recycling Unit Hacks 3 | . 3 . Report Inventory 2 | . 2 . Retrieve Components 1 | . 1 . Scanalyzer . | . . . Garrison Access Hacks . | . . . Unauthorized Hacks 11 | . 11 . Terminals 7 | . 7 . Botnet 2 | . 2 . Skim 5 | . 5 . Fabricators . | . . . Repair Stations . | . . . Recycling Units 4 | . 4 . Reject 2 | . 2 . Mask 2 | . 2 . Scanalyzers . | . . . Garrison Access . | . . . Data Cores Recovered 1 | . 1 . Used 1 | . 1 . Hacking Detections 6 | . 6 . Full Trace Events 1 | . 1 . Feedback Events . | . . . Feedback Blocked . | . . . Robot Schematics Acquired . | . . . Robots Built . | . . . Authchips . | . . . Time . | . . . Total Robot Build Rating . | . . . Part Schematics Acquired . | . . . Parts Built . | . . . Authchips . | . . . Time . | . . . Total Part Build Rating . | . . . Parts Repaired . | . . . Time . | . . . Parts Recycled . | . . . Recycled Matter . | . . . Retrieved Matter . | . . . Retrieved Components 9 | . 9 . Parts Scanalyzed . | . . . Part Schematics Acquired . | . . . Parts Damaged . | . . . Bothacking | -11 -10 -10 ------------ Run | Yrd Mat Sub Used RIF Installer . | . . . Robots Hacked . | . . . Non-combat . | . . . Combat . | . . . Robot Hacks Applied . | . . . Relay Couplers Released . | . . . Fabnet Peak Effective % . | . . . Robots Rewired . | . . . Allies Hacked . | . . . Hacks Repelled . | . . . Allies | -11 -10 -10 -------- Run | Yrd Mat Sub Total Allies . | . . . Largest Group . | . . . Highest-Rated Group . | . . . Highest-Rated Ally . | . . . Total Orders . | . . . Ally Attacks . | . . . Total Damage . | . . . Kills . | . . . Allies Corrupted . | . . . Allies Melted . | . . . Intel | -11 -10 -10 ------- Run | Yrd Mat Sub Active Infowar (turns) 179 | 85 85 9 Seismic 179 | 85 85 9 Robot Analysis Total . | . . . Derelict Logs Recovered 2 | . . 2 Drone Launches . | . . . Drone Recoveries . | . . . Exploration | -11 -10 -10 ------------- Run | Yrd Mat Sub Turns Passed 3914 | 230 1439 2245 Spaces Moved 2083 | 88 672 1323 Core 5 | 5 . . Treads 1860 | 83 671 1106 Legs 1 | . 1 . Wheels 217 | . . 217 Hover . | . . . Flight . | . . . Fastest Speed 50 | 50 120 107 Average Speed 166 | 153 184 157 Slowest Speed 240 | 160 240 240 Overloaded Moves . | . . . Propulsion Burnouts . | . . . Robots Hopped . | . . . Potential Cave-ins . | . . . Cave-ins Triggered . | . . . Exploration Rate (%) 58 | 6 89 80 Regions Visited 2 Branch Regions 1 Pre-discovered Areas 3 | . 2 1 Known Exits Taken . | . . . Unknown Exits Taken 2 | 1 1 . Scrap Searched . | . . . Spaces Dug . | . . . Terrain Destroyed 97 | . . 97 Melee . | . . . Projectile . | . . . AOE 97 | . . 97 Terrain Rammed . | . . . Walls Destroyed . | . . . Machines Disabled . | . . . Actions | -11 -10 -10 --------- Run | Yrd Mat Sub Total 2298 | 127 764 1407 Wait 13 | . 1 12 Move 2081 | 87 671 1323 Hop . | . . . Pick Up 23 | 4 12 7 Fast Attach 12 | 7 5 . Attach 7 | . 1 6 Detach 1 | . 1 . Swap 14 | . 4 10 Drop 11 | . 6 5 Fire 124 | 29 56 39 Melee 5 | . . 5 Ram . | . . . Kick . | . . . Crush 7 | . 7 . Escape Stasis . | . . . Rewire . | . . . Trap . | . . . Miscellaneous . | . . . Route ------- -11/Scrapyard -10/Materials (discovered 5 exits: [*Mat x3] / *Min / *Sub) -10/Subcaves (discovered 2 exits: Rec / [*Scr]) History --------- Turn | Location | Event 10 | -11/Scrapyard | Discovered new exit (range 16) 231 | -11/Scrapyard | Entered Materials 232 | -10/Materials | Met a group of wandering Federalists 284 | -10/Materials | Discovered new exit (range 14) 308 | -10/Materials | Build established: Mutant 341 | -10/Materials | Lost 5 allies 465 | -10/Materials | Discovered new exit (range 11) 635 | -10/Materials | Discovered new exit (range 8) 747 | -10/Materials | Discovered new exit (range 16) 875 | -10/Materials | Learned location of 2 exits from Mines 951 | -10/Materials | Learned location of Mines (-8) 972 | -10/Materials | Identified exit to Mines 985 | -10/Materials | Learned location of Storage (-7) 1045 | -10/Materials | Learned Materials emergency access door positions 1139 | -10/Materials | Discovered new exit (range 15) 1670 | -10/Materials | Entered Subcaves 1671 | -10/Subcaves | Approached by a straggling Scientist 2209 | -10/Subcaves | Visited Clippyterm 2214 | -10/Subcaves | Identified exit to Recycling 2214 | -10/Subcaves | Learned Research machine intel 3403 | -10/Subcaves | Core integrity fell below 50% 3445 | -10/Subcaves | Scientist uncovered a shortcut to Scraptown 3760 | -10/Subcaves | Visited 4L-MR0's lab 3771 | -10/Subcaves | Found Tower Shield 3907 | -10/Subcaves | Core integrity fell below 20% 3915 | -10/Subcaves | Destroyed by TJ-KKE(R) with Subdweller Machine Gun Last Messages --------------- Powered Cannon 03766_ 4L-MR0 mumbles to no one in particular: "Damn Subs sneaking around stealing my stuff." 03767_ Testing Chamber breached. 03771_ Acquired Tower Shield. 03777_ 4L-MR0 mumbles: "I'm surprised some of them are even willing to come in here given their fear of my usual visitors." 03778_ 4L-MR0 mumbles: "Who knows where that last prototype ended up, probably tossed aside somewhere as if it were useless junk..." 03823_ Acquired derelict log, extracted data. World map confirmed: -7/Storage. 03836_ Sub. Monowheel shoots sparks and powers down. 03897_ WO-P0K(R) destroyed. 03902_ TJ-KKE(R) affixes Scrap Shield Fragment to Scrap Shield. 03909_ Destroyed Scrap Shield. 03912_ The unstable cave ceiling collapses. Map ----- +----------------------------------------------------+ | | | | | | | | | | | | | | | | | | | ?????????????????????????????????????????????????? | | ?????????????????????????????????????????????????? | | ?????????????????????????????????????????????????? | | ?????????????????????????????????????????????????? | | ?????????????????????????????????????????????????? | | ?????????????????????????????????????????????????? | | ?????????????????????????????????????????????????? | | ?????????????????????????????????????????????????? | | ?????????????????????????????????????????????????? | | ?????????????????????????????????????????????????? | | ?????????????????????????????????????????????????? | | ?????????????????????????????????????????????????? | | ?????????????????????????????????????????????????? | | ?????????????????????????????????????????????????? | | ??????????????????## ######??##################### | | ?????????????????## ####^ ## ## # # # | | ?????????????????# @ # | | ?????????? | | ?????????? "" R ## ## # # | | ??????????? ^ ########### | | ?????????? ""## #?????????# | | ???????????????# % ???????? | | ??????????????# # ^ % &"?????? | | ????????????? ## ^ # #"#?????? | | ???????????? ## #?# ^ ########?#?????? | | ??????????????# # ??### #??????????????? | | ??????????????##?#?????## ^ ##??????????????? | | ????????????????????????# ####???????????????? | | ????????????????????????# ##??????????????????? | | ????????????????????????# ##???????????????????? | | ???????????????????????? ###????????????????????? | | ???????????????????????? ???????????????????????? | | ?????????????????????????#??????????????????????? | | ?????????????????????????????????????????????????? | | ?????????????????????????????????????????????????? | | ?????????????????????????????????????????????????? | | ?????????????????????????????????????????????????? | | ?????????????????????????????????????????????????? | | ?????????????????????????????????????????????????? | | ?????????????????????????????????????????????????? | | ?????????????????????????????????????????????????? | +----------------------------------------------------+ Best States ------------- Heat Dissipation 25 Energy Generation 15 Energy Capacity 200 Matter Stores 300 Matter Capacity 300 Sight Range 16 Terrain Scan Density 10 Armor Coverage 150 Evasion (%) 40 Recoil Reduction 2 Item Schematics ----------------- None Robot Schematics ------------------ None Fabricated ------------ Nothing Repaired ---------- Nothing Alien Tech Used ----------------- None Achievements -------------- None Challenges ------------ None Game ------ Seed TransmissionAlertLattice Manual? 0 Play Time 00:22:26 Cumulative 194.8 hours Start 2025.07.26 @ 18:53:45 End 2025.07.26 @ 20:45:46 Sessions 1 Manual Loads 0 Difficulty Rogue Special Mode None Game No. 213 Rogue 213 Adventurer 0 Explorer 0 Win Type - Total 3 Types 1/0/0/1/0/0/0/0/0/1 Lore% 71 Gallery% 66 Achievement% 59 Wizard Run 0 Options --------- Layout 1 ASCII 0 Keyboard 1 Movement Arrows Keybinds 0 Fullscreen 1 Font 36/Smallcaps Map View 50x40 Zoom Use 0% Tactical HUD 1 Map Filters NONE Filters NONE Steam 1 RUN: e59fa8c1-15df-43aa-a5a0-7cbbc534343b